 Dungeon Crawl Stone Soup version 0.30-a0-135-g630cfc4551 (webtiles) character file.

Game seed: 14059950023195844410

60 ragingrage the Magician (level 4, -1/34 HPs)
             Began as a Djinni Hedge Wizard on Sept 20, 2022.
             Slain by a worm (10 damage)
             ... on level 3 of the Dungeon.
             The game lasted 00:02:54 (4875 turns).

ragingrage the Magician (Djinni Hedge Wizard)       Turns: 4875, Time: 00:02:54

Health: -1/34      AC:  2    Str:  9    XL:     4   Next: 24%
Gold:   80         EV: 12    Int: 18    God:
                   SH:  0    Dex: 12

rFire   + + .      SeeInvis .    a - +0 dagger
rCold   x . .      Faith    .    (no shield)
rNeg    . . .      Spirit   .    b - +0 robe
rPois   ∞          Reflect  .    c - +0 hat
rElec   .          Harm     .    (no cloak)
rCorr   .          Rampage  .    (no gloves)
Will    .....                    (boots unavailable)
Stlth   ++........               (no amulet)
HPRegen 0.11/turn                (no ring)
MPRegen 0.00/turn                (no ring)

@: flying, very slightly contaminated
A: sickness immunity, fire resistance 2, cold vulnerability 1, float, innate
caster, HP casting, extra vitality 1
a: no special abilities


You were on level 3 of the Dungeon.
You visited 1 branch of the dungeon, and saw 3 of its levels.

You collected 80 gold pieces.

Inventory:

Hand Weapons
 a - a +0 dagger (weapon)
Missiles
 l - 3 poisoned darts
Armour
 b - a +0 robe (worn)
 c - a +0 hat (worn)
Jewellery
 j - a ring of see invisible
Scrolls
 d - a scroll of identify {unknown}
Potions
 e - 2 potions of attraction {unknown}
 f - a potion of brilliance {unknown}
 g - a potion of curing {unknown}
 h - a potion of resistance {unknown}
 i - a potion of berserk rage {unknown}
 k - a potion of flight {unknown}


   Skills:
 + Level 2.3 Fighting
 - Level 2.1 Dodging
 - Level 1.5 Stealth
 + Level 3.1 Spellcasting


You couldn't memorise any spells.
You knew the following spells:

 Your Spells              Type           Power      Damage    Failure   Level
a - Magic Dart            Conj           56%        1d5       4%          1
b - Call Imp              Summ           14%        N/A       7%          2
c - Blink                 Tloc           28%        N/A       7%          2
d - Slow                  Hex            56%        N/A       4%          1
e - Cigotuvi's Dreadful   Necr/Pois/Air  28%        N/A       7%          2
f - Mephitic Cloud        Conj/Pois/Air  14%        N/A       13%         3
g - Foxfire               Conj/Fire      56%        2x1d6     4%          1
Your spell library was empty.

Dungeon Overview and Level Annotations

Branches:
Dungeon (3/15)

Altars:
Ru
Trog
Xom

Shops:
D:1 (   D:2 :[


Innate Abilities, Weirdness & Mutations

You are immune to sickness and miasma.
You are immune to poison.
Your flesh is very heat resistant. (rF++)
You are vulnerable to cold. (rC-)
You float through the air rather than walking.
You learn spells naturally, not from books.
Your magical power is your life essence.
You have superior vitality. (+4 MHP)


Message History

You are too injured to fight recklessly!
Aiming: Magic Dart (safe; 4% risk of failure)
Press: ? - help, Q - select action, (/) - cycle Shift-Dir - straight line, f/p - worm
Aim: a worm (moderately wounded, ally target, 100% to hit)
The magic dart hits the worm.
The worm is moderately wounded.
The ball python closely misses your crimson imp.
The ball python barely misses your crimson imp.
Your crimson imp hits the kobold but does no damage.
Aiming: Magic Dart (safe; 4% risk of failure)
Press: ? - help, Q - select action, (/) - cycle Shift-Dir - straight line, f/p - worm
Aim: a worm (moderately wounded, ally target, 100% to hit)
The magic dart hits the worm.
The worm is heavily wounded.
The worm bites you. The ball python bites your crimson imp.
The ball python closely misses your crimson imp.
Your crimson imp hits the kobold.
Aiming: Magic Dart (safe; 4% risk of failure)
Press: ? - help, Q - select action, (/) - cycle Shift-Dir - straight line, f/p - worm
Aim: a worm (moderately wounded, ally target, 100% to hit)
The magic dart hits the worm.
The worm is heavily wounded.
The ball python misses your crimson imp. x2
Your crimson imp blinks!
Aiming: Magic Dart (safe; 4% risk of failure)
Press: ? - help, Q - select action, (/) - cycle Shift-Dir - straight line, f/p - worm
Aim: a worm (heavily wounded, ally target, 100% to hit)
You miscast Magic Dart.
You are very lightly contaminated with residual magic.
Nothing appears to happen.
The worm bites you!
* * * LOW HITPOINT WARNING * * *
Aiming: Magic Dart (safe; 4% risk of failure)
Press: ? - help, Q - select action, (/) - cycle Shift-Dir - straight line, f/p - worm
Aim: a worm (heavily wounded, ally target, 100% to hit)
The magic dart hits the worm but does no damage.
The worm is heavily wounded.
* * * LOW HITPOINT WARNING * * *
The worm bites you!
You die...

######....#.# #...........#
#.#####..#+## #.# #.## ####
#.# #.# [([## #.# #.# ?g.!(#
#.# #.## ###))..g# #######.#
#..####Swg..$$#
#.......#####.5.@wKr##
###.............####.#####.#
.#..###.######### ##.....#
.#### #..# #######
...#####.# .....###.#
8......'.# .....##### ...###


You could see a worm (ally target), a dart slug, a hobgoblin, a ball python, a
kobold, a rat and a friendly crimson imp (summoned).

Vanquished Creatures
  3 worms (D:2)
  A dart slug (D:1)
  4 ball pythons
  3 bats
  4 endoplasms (D:1)
  4 giant cockroaches
  2 goblins (D:2)
  A hobgoblin (D:1)
  4 jackals (D:1)
  3 quokkas
  3 frilled lizards
  3 kobolds
  6 rats
41 creatures vanquished.

Vanquished Creatures (collateral kills)
  An endoplasm (D:1)
  A hobgoblin (D:1)
  A quokka (D:1)
  A frilled lizard (D:1)
  A rat (D:1)
5 creatures vanquished.

Grand Total: 46 creatures vanquished

Notes
Turn   | Place    | Note
-------+----------+-------------------------------------------
     0 | D:1      | ragingrage the Djinni Hedge Wizard began the quest for the
                  | Orb.
     0 | D:1      | ragingrage set off with the following spells memorised:
                  | Magic Dart, Slow, Blink, Call Imp, Cigotuvi's Dreadful Rot,
                  | Mephitic Cloud.
     0 | D:1      | Reached XP level 1. HP: 15/15 MP: 0/0
   166 | D:1      | Found Lerydepp's Weapon Shop.
   426 | D:1      | Reached skill level 1 in Fighting
   426 | D:1      | Reached XP level 2. HP: 18/22 MP: 0/0
  2057 | D:1      | Reached XP level 3. HP: 22/27 MP: 0/0
  2057 | D:1      | Learned a level 1 spell: Foxfire
  2818 | D:2      | Reached skill level 3 in Spellcasting
  3365 | D:2      | Found Zylent's Antique Armour Shoppe.
  3481 | D:2      | Reached XP level 4. HP: 21/33 MP: 0/0
  4174 | D:2      | Found Qerum's Vocational Training.
  4799 | D:3      | Found a bloodstained altar of Trog.
  4801 | D:3      | Found a sacrificial altar of Ru.
  4804 | D:3      | Found a shimmering altar of Xom.
  4875 | D:3      | Slain by a worm

Illustrated notes

Levels and vault maps discovered:
D:1:      saegor_arrival_simple_a, layout_basic, serial_shops,
          nicolae_shop_waterfront, moated_statue
D:2:      layout_basic, serial_shops, shop_statue, nicolae_shop_vocational
D:3:      layout_loops_ring, minmay_overflow_temple_star_quad,
          hellmonk_ecumenical_altar_arch_garden, minmay_joined_circles,
          uniq_natasha

Skill      XL: |  1  2  3 |
---------------+----------+-----
Fighting       | 1 2 |  2.3
Spellcasting   | 3 |  3.1
Dodging        | |  2.1
Stealth        | |  1.5

Action                   |  1- 3 |  4- 6 || total
-------------------------+-------+-------++-------
Melee: Dagger            |     7 |       ||     7
 Cast: Magic Dart        |    97 |    28 ||   125
       Call Imp          |    12 |     2 ||    14
Armor: Robe              |     4 |     1 ||     5
Dodge: Dodged            |    29 |     3 ||    32

Table legend: (Time is in decaauts)
 A = Elapsed time spent in this place.
 B = Non-inter-level travel time spent in this place.
 C = Inter-level travel time spent in this place.
 D = Time resting spent in this place.
 E = Time spent auto-exploring this place.
 F = Levels seen in this place.
 G = Mean time per level.
                   A        B        C        D        E       F      G
               +--------+--------+--------+--------+--------+-----+--------+
         Total |   4874 |   4798 |     76 |   2476 |   2002 |   3 | 1624.7 |
       Dungeon |   4874 |   4798 |     76 |   2476 |   2002 |   3 | 1624.7 |
               +--------+--------+--------+--------+--------+-----+--------+

Top non-repeatable levels by time:
     D:1: 2750 daAuts
     D:2: 1724 daAuts
     D:3: 399 daAuts
